 Dungeon Crawl Stone Soup version 0.20.1-1-g8b1a95d (webtiles) character file.

3188 McKennaii the Zephyrmancer (level 9, -3/48 HPs)
             Began as a Tengu Air Elementalist on Aug 5, 2017.
             Was a Follower of Vehumet.
             Slain by a wraith (10 damage)
             ... led by Josephine
             ... on level 10 of the Dungeon.
             The game lasted 00:22:47 (9259 turns).

McKennaii the Zephyrmancer (Tengu Air Elementalist) Turns: 9259, Time: 00:22:47

Health: -3/48      AC:  3    Str:  9    XL:     9   Next: 95%
Magic:  9/21       EV: 14    Int: 18    God:    Vehumet [*.....]
Gold:   417        SH:  0    Dex: 15    Spells: 14/22 levels left

rFire    . . .     SeeInvis +   (no weapon)
rCold    . . .     Gourm    .   (no shield)
rNeg     . . .     Faith    .   a - +0 robe
rPois    .         Spirit   .   B - +1 hat {SInv}
rElec    .         Reflect  .   (no cloak)
rCorr    .         Harm     .   (no gloves)
MR       .....                  (boots unavailable)
Stlth    ++........             r - amulet of magic regeneration
Regen    0.2/turn               (no ring)
MPRegen  0.3/turn               (no ring)

@: slowed, very slow
A: beak, talons 3, able to fly 1
a: Fly, Renounce Religion


You were on level 10 of the Dungeon.
You worshipped Vehumet.
Vehumet was aware of your devotion.
You were not hungry.

You visited 2 branches of the dungeon, and saw 11 of its levels.

You collected 417 gold pieces.

Inventory:

Armour
 a - a +0 robe (worn)
 B - a +1 hat of see invisible (worn)
Jewellery
 r - an amulet of magic regeneration (around neck)
Wands
 x - a wand of enslavement (0/24)
 z - a wand of digging (7/24)
Scrolls
 f - 2 scrolls of noise {unknown}
 g - 7 scrolls of identify {unknown}
 i - a scroll of magic mapping {unknown}
 j - 3 scrolls of teleportation
 k - 2 scrolls of blinking {unknown}
 m - 3 scrolls of remove curse
 u - a scroll of brand weapon {unknown}
 v - a scroll of fog {unknown}
Potions
 d - 2 potions of berserk rage
 e - 2 potions of agility {unknown}
 n - 3 potions of heal wounds
 o - a potion of brilliance {unknown}
 q - a potion of degeneration {unknown}
 s - 3 potions of curing
 t - a potion of invisibility {unknown}
 A - a potion of might
Books
 b - a book of Air

   Spells                             Type                      Level
   a - Shock                          Conjuration/Air              1
   b - Swiftness                      Charms/Air                   2
   c - Static Discharge               Conjuration/Air              3
   d - Airstrike                      Air                          4
   e - Lightning Bolt                 Conjuration/Air              5
 y - a book of Changes

   Spells                             Type                      Level
   a - Beastly Appendage              Transmutation                1
   b - Sticks to Snakes               Transmutation                2
   c - Spider Form                    Transmutation/Poison         3
   d - Ice Form                       Ice/Transmutation            4
   e - Blade Hands                    Transmutation                5
Comestibles
 c - 2 bread rations
 h - 9 fruits
 l - 2 meat rations
 p - a royal jelly


   Skills:
 + Level 2.1 Fighting
 + Level 4.0 Dodging
 + Level 3.3 Stealth
 + Level 7.4 Spellcasting
 + Level 9.6 Conjurations
 + Level 9.8 Air Magic
 + Level 0.2 Evocations


You had 14 spell levels left.
You knew the following spells:

 Your Spells              Type           Power        Failure   Level  Hunger
a - Shock                 Conj/Air       ####         1%          1    None
b - Swiftness             Chrm/Air       ###.....     1%          2    None
c - Lightning Bolt        Conj/Air       #####.....   4%          5    #####..


Dungeon Overview and Level Annotations

Branches:
Dungeon (11/15)            Temple (1/1) D:5             Orc (0/2) D:11
   Lair: D:8-11

Altars:
Cheibriados
Elyvilon
Fedhas
Gozag
Hepliaklqana
Kikubaaqudgha
Makhleb
Qazlal
Ru
Sif Muna
Trog
Uskayaw
Vehumet
Xom
Zin
The Shining One

Shops:
D:7 =


Innate Abilities, Weirdness & Mutations

You have a beak for a mouth.
You have claws for feet.
You can fly.


Message History

Press: ? - help, Shift-Dir - straight line The zap hits the wraith.
The wraith appears unharmed.
The wraith is heavily damaged.
The zap hits the wraith.
The wraith is severely damaged.
The wraith barely misses you.
Casting: Shock
Confirm with . or Enter, or press ? or * to list all spells.
Aiming: Lightning Bolt
Press: ? - help, Shift-Dir - straight line You hear a mighty clap of thunder!
The bolt of lightning hits the wraith.
The wraith is severely damaged.
You hear a shout! x11; You hear an angry hiss.
You hear a shout!
The wraith hits you!
* * * LOW HITPOINT WARNING * * *
The wraith drains your vigour!
You feel as though you will be slow longer.
The wraith hits you!
You die...

.......#.##..#.......#
#.....##.###.#.....###
.....≈##.###..†....#
.......#..#........#
.......##..........#
........#(.........#
#.....#............#
#.....###..........#
#.##............@..#
#............#.W####
#..##.##.....#...# .#
.. ....#..#..# #. ..
...###.#### .## #.#
#.# #.# #.#


You could see a wraith.

Vanquished Creatures
  The ghost of McKennaii the Zephyrmancer, a novice TeAE of Vehumet (D:6)
  Pikel (D:7)
  Grinder (D:4)
  A shadow (D:10)
  Menkaure (D:4)
  An ice beast (D:5)
  A necrophage (D:10)
  An ogre (D:7)
  3 centaurs
  Blork the orc (D:6)
  2 bullfrogs
  A water moccasin zombie (D:5)
  A wyvern skeleton (D:6)
  A scorpion (D:4)
  5 wights
  A crimson imp (D:6)
  5 hounds
  A centaur skeleton (D:7)
  A jelly (D:6)
  3 orc wizards
  2 iguanas
  6 worker ants
  A hound zombie (D:5)
  10 adders
  An ooze (D:5)
  3 adder skeletons
  5 worms
  3 dart slugs (D:1)
  5 leopard geckos
  16 orcs
  A ball python (D:2)
  5 giant cockroaches
  8 goblins
  3 hobgoblins
  7 jackals
  15 kobolds
  2 quokkas
  5 bats
  8 frilled lizards
  A jackal skeleton (D:4)
  2 leopard gecko skeletons (D:4)
  3 rats
  A fungus (D:1)
146 creatures vanquished.

Vanquished Creatures (collateral kills)
  An adder (D:10)
1 creature vanquished.

Vanquished Creatures (others)
  An iguana (D:7)
  An orc (D:7)
  A giant cockroach (D:7)
3 creatures vanquished.

Grand Total: 150 creatures vanquished

Notes
Turn   | Place    | Note
-------+----------+-------------------------------------------
     0 | D:1      | McKennaii the Tengu Air Elementalist began the quest for the Orb.
     0 | D:1      | Reached XP level 1. HP: 10/10 MP: 4/4
   160 | D:1      | Reached XP level 2. HP: 14/15 MP: 3/6
  1068 | D:1      | Reached XP level 3. HP: 19/19 MP: 5/7
  1285 | D:2      | Learned a level 2 spell: Swiftness
  1543 | D:2      | Found a stormy altar of Qazlal.
  2420 | D:2      | Reached skill level 5 in Air Magic
  2420 | D:2      | Reached XP level 4. HP: 24/24 MP: 4/8
  2715 | D:2      | Found a blossoming altar of Fedhas.
  3711 | D:3      | Found an opulent altar of Gozag.
  3740 | D:3      | Gained mutation: You can fly. [Tengu growth]
  3740 | D:3      | Reached XP level 5. HP: 17/28 MP: 4/10
  3747 | D:3      | Learned a level 5 spell: Lightning Bolt
  4648 | D:4      | Noticed Menkaure
  4659 | D:4      | Killed Menkaure
  4659 | D:4      | Reached XP level 6. HP: 18/32 MP: 1/12
  4894 | D:4      | Reached XP level 7. HP: 26/37 MP: 12/14
  5015 | D:4      | You fall through a shaft!
  5015 | D:5      | Entered Level 5 of the Dungeon
  5057 | D:4      | Noticed Grinder
  5064 | D:4      | Killed Grinder
  5064 | D:4      | Reached skill level 5 in Conjurations
  5376 | D:4      | Reached skill level 5 in Spellcasting
  5376 | D:4      | Reached XP level 8. HP: 41/42 MP: 11/16
  5741 | D:5      | Found a staircase to the Ecumenical Temple.
  5879 | Temple   | Entered the Ecumenical Temple
  6012 | Temple   | Became a worshipper of Vehumet
  6645 | D:6      | Noticed Blork the orc
  6822 | D:6      | Found a burning altar of Makhleb.
  6823 | D:6      | Found a hazy altar of Hepliaklqana.
  6847 | D:6      | Noticed McKennaii's ghost (novice TeAE)
  6854 | D:6      | Killed McKennaii's ghost
  6854 | D:6      | Reached skill level 1 in Fighting
  7183 | D:6      | Reached XP level 9. HP: 47/47 MP: 13/19
  7194 | D:6      | Killed Blork the orc
  7617 | D:7      | Noticed Pikel
  7624 | D:7      | Killed Pikel
  7717 | D:7      | Found Plog's Jewellery Boutique.
  8046 | D:7      | You fall through a shaft!
  8482 | D:8      | Reached * piety under Vehumet
  8482 | D:8      | Offered knowledge of Freeze by Vehumet.
  8842 | D:8      | You fall through a shaft for 3 floors!
  8867 | D:11     | Found a staircase to the Orcish Mines.
  8872 | D:11     | Noticed a komodo dragon
  8986 | D:10     | Entered Level 10 of the Dungeon
  9259 | D:10     | Slain by a wraith

Skill      XL: |  1  2  3  4  5  6  7  8  9 |
---------------+----------------------------+-----
Conjurations   | 2 4 5 7 9 |  9.6
Air Magic      | 5 6 7 8 9 |  9.8
Spellcasting   | 3 4 5 6 7 |  7.4
Fighting       | 1 2 |  2.1
Dodging        | 3 4 |  4.0
Stealth        | 3 |  3.3
Evocations     | |  0.2

Action                   |  1- 3 |  4- 6 |  7- 9 || total
-------------------------+-------+-------+-------++-------
Melee: Unarmed           |    38 |     1 |       ||    39
       Kick              |    13 |     1 |       ||    14
       Peck              |     8 |       |       ||     8
 Cast: Shock             |    75 |   118 |   285 ||   478
       Lightning Bolt    |       |       |     5 ||     5
 Abil: Fly               |       |     2 |     1 ||     3
Evoke: Wand              |       |       |     4 ||     4
  Use: Potion            |     2 |       |       ||     2
       Scroll            |       |       |     3 ||     3
  Eat: Chunk             |     6 |     3 |    10 ||    19
       Bread ration      |       |     1 |       ||     1
       Meat ration       |       |       |     1 ||     1
       Fruit             |       |       |     1 ||     1
Armor: Robe              |     4 |     1 |     5 ||    10
Dodge: Dodged            |    19 |    20 |    63 ||   102
